 Dungeon Crawl Stone Soup version 0.22-a0-348-gd16d139 (webtiles) character file.

172 sankara the Slasher (level 5, -5/52 HPs)
             Began as a Halfling Berserker on Apr 9, 2018.
             Was a Believer of Trog.
             Slain by a hippogriff (7 damage)
             ... on level 6 of the Dungeon.
             The game lasted 00:14:01 (3547 turns).

sankara the Slasher (Halfling Berserker)            Turns: 3547, Time: 00:14:02

Health: -5/52      AC:  3    Str: 23    XL:     5   Next: 82%
Magic:  5/5        EV: 15    Int:  5    God:    Trog [**....]
Gold:   118        SH:  0    Dex: 15    Spells: 4/4 levels left

rFire    . . .     SeeInvis +   d - +0 falchion
rCold    . . .     Gourm    .   (shield restricted)
rNeg     . . .     Faith    .   t - +0 leather armour
rPois    .         Spirit   .   (no helmet)
rElec    .         Reflect  .   (no cloak)
rCorr    .         Harm     .   (no gloves)
MR       ++...                  (no boots)
Stlth    ..........             (no amulet)
HPRegen  1.17/turn              b - ring of see invisible {sInv, !d}
MPRegen  0.09/turn              (no ring)

@: berserking (expiring), lethally poisoned (-5 -> -5), regenerating, very quick
A: small, mutation resistance 1
a: Berserk, Trog's Hand, Renounce Religion


You were on level 6 of the Dungeon.
You worshipped Trog.
Trog was pleased with you.
You were not hungry.

You visited 1 branch of the dungeon, and saw 4 of its levels.

You collected 118 gold pieces.

Inventory:

Hand Weapons
 c - a +0 dagger of venom
   (You found it on level 3 of the Dungeon)
 d - a +0 falchion (weapon)
 e - a +1 hunting sling of flaming
   (You found it on level 2 of the Dungeon)
Missiles
 k - 17 poisoned needles
 l - 60 stones (quivered)
 s - 35 sling bullets
Armour
 t - a +0 leather armour (worn)
   (You found it on level 2 of the Dungeon)
Jewellery
 b - a ring of see invisible (left hand) {sInv, !d}
   (You found it on level 1 of the Dungeon)
Wands
 u - a wand of clouds (6)
   (You found it on level 3 of the Dungeon)
Scrolls
 f - a scroll of remove curse {unknown}
 g - a scroll of enchant armour {unknown}
 i - 3 scrolls of identify {unknown}
 n - 2 scrolls of teleportation {unknown}
 o - a scroll of noise {unknown}
 q - a scroll of fog {unknown}
Potions
 a - 2 potions of brilliance {unknown}
 j - a potion of heal wounds
 m - 2 potions of curing {unknown}
 p - a potion of degeneration {unknown}
 r - a potion of magic {unknown}
 v - a potion of flight {unknown}
Comestibles
 h - 5 rations


   Skills:
 - Level 2.6 Fighting
 + Level 4.2 Long Blades
 + Level 2.7 Slings
 - Level 2.1 Armour
 + Level 3.1 Dodging
 + Level 3.3 Stealth


You had 4 spell levels left.
You didn't know any spells.

Dungeon Overview and Level Annotations

Branches:
Dungeon (3/15)

Altars:

Annotations:
D:3 exclusion: 2 doors


Innate Abilities, Weirdness & Mutations

You are small and have problems with some larger weapons.
You are somewhat resistant to further mutation.


Message History

Your +1 hunting sling of flaming bursts into flame!
e - a +1 hunting sling of flaming (weapon)
Eating a chunk of flesh {@w0}.
You eat the chunk of flesh {@w0}.
This raw flesh tastes terrible.
You are feeling hungry.
Found a glowing dagger.
Okay, then.
A hobgoblin comes into view. It is wielding a club.
You see here a glowing dagger.
w - a glowing dagger The hobgoblin shouts!
Really attack while wielding your +1 hunting sling of flaming? [Y]es or [N]o only, please.
Really attack while wielding your +1 hunting sling of flaming?
Okay, then.
Unknown command.
Wield which item (- for none, * to show all)? (? for menu, Esc to quit)
Your +1 hunting sling of flaming stops flaming.
c - a +0 dagger (weapon)
The hobgoblin hits you with a club.
Wield which item (- for none, * to show all)? (? for menu, Esc to quit)
d - a +0 falchion (weapon)
You closely miss the hobgoblin. The hobgoblin closely misses you.
You riposte.
You hit the hobgoblin but do no damage. You hit the hobgoblin.
The hobgoblin is severely wounded.
The hobgoblin closely misses you.
You riposte.
You hit the hobgoblin.
You kill the hobgoblin!
Trog accepts your kill.
No target in view!
No target in view!
No target in view!
Wield which item (- for none, * to show all)? (? for menu, Esc to quit)
Your +0 dagger of venom begins to drip with poison!
w - a +0 dagger of venom (weapon)
Adjust (i)tems, (s)pells, or (a)bilities?
Adjust which item? (? for menu, Esc to quit)
w - a +0 dagger of venom (weapon)
Adjust to which letter? (? for menu, Esc to quit)
c - a +0 dagger of venom (weapon);
w - a +0 dagger Drop what? 23/52 slots (_ for help) (? for menu, Esc to quit)
You drop a +0 dagger.
You start resting.
HP restored.
The hobgoblin shouts!
You fall through a shaft for 3 floors!
The shaft crumbles and collapses.
You hear the sound of rushing water.
There is an entrance to a sewer on this level.
Hurry and find it before the portal rusts away!
An adder, a quokka, a hippogriff and 4 gnolls come into view.
The adder hisses angrily.
The gnoll shouts! x2; The hippogriff screeches!
Wield which item (- for none, * to show all)? (? for menu, Esc to quit)
Your +0 dagger of venom stops dripping with poison.
d - a +0 falchion (weapon)
Your skin crawls.
You feel resistant to hostile enchantments.
You are feeling very hungry.
A red film seems to cover your vision as you go berserk!
You feel yourself moving faster!
You feel mighty!
You are starving!
The adder misses you. The gnoll misses you. The adder completely misses you.
You are too hungry to fight recklessly!
You are too hungry to fight recklessly!
You are too hungry to fight recklessly!
You eat one of the 6 rations.
That ration really hit the spot!
You feel a strong urge to attack something.
The gnoll hits you with a club! The gnoll misses you. The adder bites you.
You are poisoned.
The adder poisons you! The gnoll completely misses you.
You slash the gnoll!
The gnoll is almost dead.
You feel sick. The adder barely misses you. The gnoll misses you.
You slash the adder!
You kill the adder!
Trog accepts your kill. The gnoll hits you with a club! The gnoll misses you.
The gnoll hits you from afar with a spear.
You closely miss the hippogriff. The quokka closely misses you.
The gnoll barely misses you. The gnoll closely misses you.
The hippogriff bites you! The hippogriff pecks you. The hippogriff claws you.
The gnoll barely misses you.
You riposte.
You hit the gnoll.
You kill the gnoll!
Trog accepts your kill. The gnoll misses you.
You hit the hippogriff.
The hippogriff is lightly wounded.
You feel sick. The quokka bites you.
* * * LOW HITPOINT WARNING * * *
The hippogriff completely misses you.
You riposte.
You hit the hippogriff.
The hippogriff is lightly wounded.
The hippogriff misses you. The hippogriff closely misses you.
The gnoll barely misses you. The gnoll hits you with a club!
* * * LOW HITPOINT WARNING * * *
The gnoll hits you with a club!
* * * LOW HITPOINT WARNING * * *
You hit the hippogriff.
The hippogriff is moderately wounded.
The quokka bites you but does no damage.
The hippogriff bites you!
You die...

####### #####
##.....##.....
##.............
#..............
#..%...........
#..............
#.....g........
#......@r......
#....g)gH......
##........$$...
##.....#......
#######....##
##..# ...# #.#


You could see a hippogriff, 3 gnolls and a quokka.

Vanquished Creatures
  A howler monkey (D:3)
  A worker ant (D:3)
  2 adders
  A gnoll (D:6)
  2 oozes
  A worm (D:2)
  4 leopard geckos
  2 ball pythons
  4 giant cockroaches
  10 goblins
  10 hobgoblins
  3 jackals (D:1)
  3 frilled lizards
  12 kobolds
  8 rats
64 creatures vanquished.

Notes
Turn   | Place    | Note
-------+----------+-------------------------------------------
     0 | D:1      | sankara the Halfling Berserker began the quest for the Orb.
     0 | D:1      | Reached XP level 1. HP: 15/15 MP: 1/1
   169 | D:1      | Reached skill level 1 in Stealth
   311 | D:1      | Reached XP level 2. HP: 19/20 MP: 2/2
   595 | D:1      | Reached XP level 3. HP: 11/25 MP: 3/3
   598 | D:1      | Reached skill level 2 in Stealth
  1541 | D:2      | Reached ** piety under Trog
  1571 | D:2      | HP: 4/25 [adder (4)]
  1578 | D:2      | HP: 2/37 [adder (5)]
  1579 | D:2      | Reached skill level 1 in Slings
  1579 | D:2      | Reached XP level 4. HP: 2/30 MP: 4/4
  1583 | D:2      | HP: 1/30 [poisoned by an adder]
  2935 | D:3      | HP: 7/30 [howler monkey (4)]
  2936 | D:3      | Reached skill level 4 in Long Blades
  2936 | D:3      | Reached skill level 2 in Slings
  2936 | D:3      | Reached skill level 3 in Stealth
  2936 | D:3      | Reached XP level 5. HP: 8/35 MP: 5/5
  3261 | D:3      | Reached skill level 3 in Dodging
  3538 | D:3      | You fall through a shaft for 3 floors!
  3538 | D:6      | Noticed a hippogriff
  3546 | D:6      | HP: 8/52 [gnoll/club (7)]
  3546 | D:6      | HP: 1/52 [gnoll/club (7)]
  3547 | D:6      | Slain by a hippogriff

Vault maps used:
D:1:      lightli_arrival_quake
D:3:      minmay_goblin_kobold_castle
D:6:      lightli_sewer_entry_pipes, serial_shops, kennysheep_mini,
          nicolae_tso_swordbearing_angel, uniq_eustachio

Skill      XL: |  1  2  3  4  5 |
---------------+----------------+-----
Stealth        | 1 2 3 |  3.3
Slings         | 1 2 |  2.7
Long Blades    | 4 |  4.2
Dodging        | 3 |  3.1
Fighting       | |  2.6
Armour         | |  2.1

Action                   |  1- 3 |  4- 6 || total
-------------------------+-------+-------++-------
Melee: Falchion          |    82 |    83 ||   165
       Dagger            |    13 |     5 ||    18
 Fire: Hunting sling     |       |    29 ||    29
Invok: Berserk           |     1 |     2 ||     3
       Trog's Hand       |       |     2 ||     2
 Stab: Sleeping          |     3 |     3 ||     6
  Eat: Chunk             |     2 |     8 ||    10
       Ration            |       |     1 ||     1
Armor: Animal skin       |     7 |       ||     7
       Robe              |     4 |     4 ||     8
       Leather armour    |       |     3 ||     3
Dodge: Dodged            |    64 |    75 ||   139
       Rpst.: Falchion   |    18 |    16 ||    34

Table legend:
 A = Spawn XP
 B = Non-spawn XP
 C = Spawn XP percentage of total XP
 D = Spawn monster count
 E = Non-spawn monster count
 F = Spawn count percentage of total count
 G = Total turns spent on level
                    A         B        C        D         E        F      G
               +---------+---------+-------+---------+---------+-------+---------
         Total |       0 |     246 |   0.0 |       0 |      64 |   0.0 |  3547
               +---------+---------+-------+---------+---------+-------+---------
           D:1 |       0 |      51 |   0.0 |       0 |      26 |   0.0 |  1523
           D:2 |       0 |      61 |   0.0 |       0 |      24 |   0.0 |  1017
           D:3 |       0 |     108 |   0.0 |       0 |      12 |   0.0 |   998
           D:6 |       0 |      26 |   0.0 |       0 |       2 |   0.0 |     9
               +---------+---------+-------+---------+---------+-------+---------

Vault maps used:
D:1:      lightli_arrival_quake
D:3:      minmay_goblin_kobold_castle
D:6:      lightli_sewer_entry_pipes, serial_shops, kennysheep_mini,
          nicolae_tso_swordbearing_angel, uniq_eustachio

Table legend:
 A = Turns spent in this place as a percentage of turns spent in the entire game.
 B = Non-inter-level travel turns spent in this place as a percentage of non-inter-level travel turns spent in the entire game.
 C = Inter-level travel turns spent in this place as a percentage of turns spent in this place.
 D = Turns resting spent in this place as a percentage of non-inter-level travel turns spent in this place.
 E = Turns spent auto-exploring this place as a percentage of non-inter-level travel turns spent in this place.
 F = Non-inter-level travel turns spent in this place divided by the number of levels of this place that you've seen.
                   A       B       C       D       E      F
               +-------+-------+-------+-------+-------+----------------------
         Total | 100.0 | 100.0 |   3.9 |  41.4 |  37.0 | 852.0
       Dungeon | 100.0 | 100.0 |   3.9 |  41.4 |  37.0 | 852.0
               +-------+-------+-------+-------+-------+----------------------

Table legend:
 A = Kills in this place as a percentage of kills in entire the game.
 B = Kills by you in this place as a percentage of kills by you in the entire game.
 C = Kills by friends in this place as a percentage of kills by friends in the entire game.
 D = Other kills in this place as a percentage of other kills in the entire game.
 E = Experience gained in this place as a percentage of experience gained in the entire game.
 F = Experience gained in this place divided by the number of levels of this place that you have seen.
                   A       B       C       D       E      F
               +-------+-------+-------+-------+-------+----------------------
         Total | 100.0 | 100.0 |   N/A |   N/A | 100.0 |  61.5
       Dungeon | 100.0 | 100.0 |   N/A |   N/A | 100.0 |  61.5
               +-------+-------+-------+-------+-------+----------------------
